 Dungeon Crawl Stone Soup version 0.31.0-11-ge490571c62 (webtiles) character file.

Game seed: 16633688340907580867

882 qw the Shooter (level 7, -1/32 (35) HPs)
             Began as a Spriggan Hunter on Feb 3, 2024.
             Was a Follower of Okawaru.
             Slain by a hound (3 damage)
             ... on level 6 of the Dungeon.
             The game lasted 00:01:21 (4670 turns).

qw the Shooter (Spriggan Hunter)                    Turns: 4670, Time: 00:01:21

HP:   -1/32 (35)    AC:  6    Str:  7    XL:     7   Next: 76%
MP:   10/10         EV: 22    Int: 10    God:    Okawaru [*.....]
Gold: 127           SH:  0    Dex: 21    Spells: 6/6 levels left

rFire   . . .        a - +0 shortbow
rCold   . . .        (shield currently unavailable)
rNeg    . . .        c - +0 robe
rPois   .            (helmet restricted)
rElec   .            (no cloak)
rCorr   .            (gloves unavailable)
SInv    +            (boots unavailable)
Will    +....        (no amulet)
Stlth   ++           k - +4 ring of protection
HPRegen 0.25/turn    (no ring)
MPRegen 0.12/turn

%: no passive effects
@: drained, very quick
A: very small, no large weapons, unfitting armour, see invisible, speed 3
a: Renounce Religion, Heroism


You were on level 6 of the Dungeon.
You worshipped Okawaru.
Okawaru was aware of your devotion.
You visited 2 branches of the dungeon, and saw 7 of its levels.

You collected 338 gold pieces.
You spent 211 gold pieces at shops.


Innate Abilities, Weirdness & Mutations

You are very small and have problems with some larger weapons.
You are too small for most types of armour.
You have supernaturally acute eyesight. (SInv)
You cover ground extremely quickly. (Speed+++)


   Skills:
 - Level 2.0 Fighting
 + Level 7.4 Ranged Weapons
 - Level 7.0 Dodging
 - Level 1.5 Stealth
 + Level 3.2 Invocations


You had 6 spell levels left.
You didn't know any spells.
Your spell library was empty.

Inventory:

Hand Weapons
 a - a +0 shortbow (weapon)
Armour
 c - a +0 robe (worn)
Jewellery
 k - a +4 ring of protection (left hand)
Wands
 b - a wand of mindburst (1)
 f - a wand of roots (5)
 j - a wand of flame (38)
Scrolls
 e - 2 scrolls of enchant armour
 i - 4 scrolls of identify
Potions
 d - 2 potions of might
 h - 3 potions of curing
 l - a potion of mutation
 m - a potion of brilliance {unknown}

Dungeon Overview and Level Annotations

Branches:
Dungeon (6/15)             Temple (1/1) D:4

Altars:
Ashenzari
Cheibriados
Dithmenos
Elyvilon
Fedhas
Nemelex Xobeh
Okawaru
Qazlal
Ru
Sif Muna
Vehumet
Xom
Yredelemnul

Shops:
D:3 (?**   D:5 !

Annotations:
D:3 3 runed translucent doors, qw's ghost, amateur SpHu
D:5 1 runed translucent door, Crazy Yiuf
D:6 Jeremiah


Message History

The butterfly disappears in a burst of colours!
Jeremiah throws their arms up pleadingly.
Something smites you!
The butterfly disappears in a burst of colours!
You hear a distant slurping noise.
The butterfly disappears in a burst of colours!
4651 ||| INVOKING Heroism.
You gain the combat prowess of a mighty hero.
Enter note: Jeremiah throws their arms up pleadingly.
Something smites you!
The butterfly disappears in a burst of colours! x2
Jeremiah hops!
4663 ||| READING scroll of teleportation.
As you read the scroll of teleportation, it crumbles to dust.
You feel strangely unstable.
You shoot an arrow. The arrow hits Jeremiah.
Jeremiah is heavily wounded.
The butterfly disappears in a burst of colours!
Jeremiah closely misses you.
Enter note: You shoot an arrow.
The arrow hits the butterfly!
You kill the butterfly!
The butterfly disappears in a burst of colours!
Your surroundings suddenly seem different.
An iguana and a hound come into view.
Found a book of Burglary, 7 gold pieces and a scroll of fear.
Found an escape hatch in the ceiling.
You shoot an arrow. The arrow hits the iguana.
The iguana is lightly wounded.
You feel like a meek peon again.
You shoot an arrow. The arrow barely misses the iguana.
You shoot an arrow.
The arrow hits the iguana but does no damage.
The iguana is lightly wounded.
The iguana barely misses you.
You shoot an arrow. The arrow hits the iguana!
The iguana is heavily wounded.
The hound barely misses you. The iguana bites you. The hound bites you.
You die...

.
##########....
#.....@.......
......hl###....
......... .
$..:.....#
.........#
..........
.?.......#
.......<.#


You could see an iguana and a hound.

Vanquished Creatures
  An ogre (D:5)
  2 scorpions (D:5)
  2 howler monkeys
  An orc priest (D:6)
  A bombardier beetle (D:5)
  4 hounds
  A jelly (D:5)
  A sleepcap (D:5)
  3 iguanas
  An orc wizard (D:6)
  2 gnolls
  8 adders
  2 white imps
  4 ufetubi (D:6)
  3 dart slugs
  2 ribbon worms
  18 orcs
  5 bats
  8 endoplasms
  4 giant cockroaches
  19 goblins
  10 hobgoblins
  4 jackals (D:3)
  9 kobolds
  4 quokkas
  9 ball pythons
  2 frilled lizards
  4 rats
134 creatures vanquished.

Notes
Turn   | Place    | Note
-------+----------+-------------------------------------------
     0 | D:1      | qw the Spriggan Hunter began the quest for the Orb.
     0 | D:1      | Reached XP level 1. HP: 10/10 MP: 2/2
     0 | D:1      | 0 ||| qw: Version: 0.3-a-155-g5e7d8dd
     0 | D:1      | 0 ||| qw: Game counter: 3316
     0 | D:1      | 0 ||| qw: Melee chars always use a shield: true
     0 | D:1      | 0 ||| qw: God list: Okawaru
     0 | D:1      | 0 ||| qw: Allow faded altars: false
     0 | D:1      | 0 ||| qw: Do Orc after clearing Dungeon:15 true
     0 | D:1      | 0 ||| qw: Do second Lair branch before Depths: true
     0 | D:1      | 0 ||| qw: Lair rune preference: random
     0 | D:1      | 0 ||| qw: Goals: Normal
     0 | D:1      | 0 ||| PLANNING D:1-11
    23 | D:1      | Reached skill level 3 in Dodging
   359 | D:1      | Reached XP level 2. HP: 14/14 MP: 3/3
   964 | D:1      | 964 ||| DROPPING amulet of magic regeneration.
   965 | D:1      | 965 ||| READING scroll labelled VANUGI RAARY.
   966 | D:1      | 966 ||| READING scroll labelled EDIMYP FEF.
   966 | D:1      | 966 ||| IDENTIFYING brown potion
   967 | D:1      | 967 ||| DROPPING scroll of butterflies.
  1348 | D:2      | Reached XP level 3. HP: 18/18 MP: 4/4
  1413 | D:2      | Found a faded altar of an unknown god.
  1630 | D:2      | 1630 ||| READING scroll of identify.
  1630 | D:2      | 1630 ||| IDENTIFYING bubbling dark potion
  1631 | D:2      | 1631 ||| READING scroll labelled MYEVVUI FULAR.
  1732 | D:2      | 1732 ||| READING scroll labelled PEIKKI HEISEHA.
  1733 | D:2      | 1733 ||| READING scroll labelled YTYEPS PIATTOT.
  1734 | D:2      | 1734 ||| READING scroll labelled ZUKKIS CEECVOM.
  1734 | D:2      | 1734 ||| ENCHANTING +0 shortbow.
  1735 | D:2      | 1735 ||| DROPPING potion of berserk rage.
  1775 | D:3      | Reached XP level 4. HP: 22/22 MP: 5/5
  1780 | D:3      | Found a broken altar of Ashenzari.
  1971 | D:3      | Found Syttinuc's General Store.
  1973 | D:3      | Found Ackeig's Assorted Antiques.
  1980 | D:3      | 1980 ||| BUYING fuming golden potion (25 gold).
  1980 | D:3      | Bought a fuming golden potion for 25 gold pieces
  1980 | D:3      | 1980 ||| SHOPLISTING runed shortbow (168 gold, have 84).
  1980 | D:3      | 1980 ||| BUYING scroll labelled XARESHRO RIDI (28 gold).
  1980 | D:3      | Bought a scroll labelled XARESHRO RIDI for 28 gold pieces
  1980 | D:3      | 1980 ||| BUYING scroll labelled XARESHRO RIDI (28 gold).
  1980 | D:3      | Bought a scroll labelled XARESHRO RIDI for 28 gold pieces
  1984 | D:3      | 1984 ||| SHOPLISTING +5 shortbow of freezing (356 gold,
                  | have 28).
  1984 | D:3      | 1984 ||| SHOPLISTING potion of heal wounds (55 gold, have
                  | 28).
  1984 | D:3      | 1984 ||| SHOPLISTING wand of flame (16) (123 gold, have
                  | 28).
  2085 | D:3      | Found Irghim's Magic Scroll Boutique.
  2088 | D:3      | 2088 ||| SHOPLISTING scroll of brand weapon (95 gold, have
                  | 28).
  2088 | D:3      | 2088 ||| BUYING scroll of identify (20 gold).
  2088 | D:3      | Bought a scroll of identify for 20 gold pieces
  2088 | D:3      | 2088 ||| SHOPLISTING scroll of identify (20 gold, have 8).
  2089 | D:3      | Found Puosum's Weapon Shop.
  2112 | D:3      | 2112 ||| SHOPLISTING +0 orcbow (45 gold, have 8).
  2146 | D:3      | Reached XP level 5. HP: 26/26 MP: 6/6
  2276 | D:3      | Found a sacrificial altar of Ru.
  2292 | D:3      | Found a runed translucent gate.
  2292 | D:3      | Found a runed translucent gate.
  2292 | D:3      | Found a runed translucent gate.
  2293 | D:3      | Noticed qw's ghost (amateur SpHu)
  2294 | D:3      | Noticed qw's ghost (amateur SpHu)
  2363 | D:3      | 2363 ||| READING 3 scrolls of identify.
  2363 | D:3      | 2363 ||| IDENTIFYING fuming golden potion
  2364 | D:3      | 2364 ||| READING 2 scrolls of identify.
  2364 | D:3      | 2364 ||| IDENTIFYING fuming coppery potion
  2365 | D:3      | 2365 ||| READING scroll of identify.
  2365 | D:3      | 2365 ||| IDENTIFYING fizzy cyan potion
  2366 | D:3      | 2366 ||| READING 2 scrolls labelled SOLU CUOLOUME.
  2384 | D:3      | 2384 ||| READING 2 scrolls labelled XARESHRO RIDI.
  2385 | D:3      | 2385 ||| DROPPING scroll of noise.
  2386 | D:3      | 2386 ||| DROPPING potion of degeneration.
  2696 | D:4      | Found a shimmering blue altar of Sif Muna.
  2897 | D:4      | Found a staircase to the Ecumenical Temple.
  2898 | D:4      | 2898 ||| PLANNING TEMPLE
  2898 | D:4      | 2898 ||| DROPPING ring of wizardry.
  2899 | D:4      | 2899 ||| UPGRADING to +4 ring of protection.
  2900 | D:4      | 2900 ||| READING scroll labelled EPAYRPH ESEOMN.
  2911 | Temple   | Entered the Ecumenical Temple
  2912 | Temple   | 2912 ||| PLANNING OKAWARU WORSHIP
  2938 | Temple   | Became a worshipper of Warmaster Okawaru
  2939 | Temple   | 2939 ||| PLANNING D:1-11
  3200 | D:4      | HP: 5/26 [white imp/puff of frost (8)]
  3201 | D:4      | 3201 ||| READING scroll of teleportation.
  3202 | D:4      | 3202 ||| DRINKING potion of heal wounds.
  3240 | D:4      | Reached skill level 6 in Ranged Weapons
  3409 | D:5      | Entered Level 5 of the Dungeon
  3426 | D:5      | Reached XP level 6. HP: 28/30 MP: 7/7
  3452 | D:5      | Found Egrad's Distillery.
  3460 | D:5      | 3460 ||| SHOPLISTING 2 potions of mutation (176 gold, have
                  | 154).
  3460 | D:5      | 3460 ||| BUYING potion of curing (33 gold).
  3460 | D:5      | Bought a potion of curing for 33 gold pieces
  3460 | D:5      | 3460 ||| BUYING potion of curing (33 gold).
  3460 | D:5      | Bought a potion of curing for 33 gold pieces
  3460 | D:5      | 3460 ||| BUYING potion of might (44 gold).
  3460 | D:5      | Bought a potion of might for 44 gold pieces
  3460 | D:5      | 3460 ||| SHOPLISTING potion of mutation (88 gold, have 44).
  3470 | D:5      | Reached skill level 6 in Dodging
  3991 | D:5      | 3991 ||| RETREEEEATING.
  3993 | D:5      | 3993 ||| RETREEEEATING.
  3994 | D:5      | 3994 ||| RETREEEEATING.
  3995 | D:5      | 3995 ||| RETREEEEATING.
  3996 | D:5      | 3996 ||| RETREEEEATING.
  4000 | D:5      | 4000 ||| RETREEEEATING.
  4001 | D:5      | 4001 ||| RETREEEEATING.
  4002 | D:5      | 4002 ||| RETREEEEATING.
  4003 | D:5      | 4003 ||| RETREEEEATING.
  4017 | D:5      | 4017 ||| RETREEEEATING.
  4018 | D:5      | 4018 ||| RETREEEEATING.
  4022 | D:5      | Reached * piety under Okawaru
  4048 | D:5      | Reached XP level 7. HP: 29/35 MP: 8/8
  4093 | D:5      | Reached skill level 1 in Invocations
  4264 | D:5      | Found a runed translucent door.
  4265 | D:5      | Noticed Crazy Yiuf
  4570 | D:6      | Reached ** piety under Okawaru
  4581 | D:6      | Reached skill level 3 in Invocations
  4584 | D:6      | Noticed Jeremiah
  4585 | D:6      | 4585 ||| INVOKING Heroism.
  4593 | D:6      | 4593 ||| RETREEEEATING.
  4614 | D:6      | 4614 ||| INVOKING Heroism.
  4651 | D:6      | 4651 ||| INVOKING Heroism.
  4656 | D:6      | HP: 2/32 [Jeremiah/divine providence (14)]
  4663 | D:6      | 4663 ||| READING scroll of teleportation.
  4670 | D:6      | HP: 2/32 [iguana (3)]
  4670 | D:6      | Slain by a hound

Levels and vault maps discovered:
D:1:      minmay_arrival_diagonal_passages, layout_basic,
          minmay_misc_feat_doors, minmay_statues_item, minmay_close_crescents
D:2:      layout_loops_ring, ebering_ecumenical_altar_abandoned,
          kennysheep_potato
D:3:      layout_basic, evilmike_ruin_ashenzari, nicolae_ru_path_of_blood,
          serial_shops, shop, nicolae_shop_waterfront,
          nicolae_shop_tiny_real_fake_doors, shop, gammafunk_ghost_cemetery,
          minmay_goblin_outpost
D:4:      minmay_diamond_boxcup, layout_loops_ring, amcnicky_altar_gilded,
          minmay_temple_entry_overgrown, st_stairs_1, minmay_misc_feat_hallway
D:5:      minmay_chambers_of_threes, layout_cave_pods, serial_shops, shop,
          uniq_crazy_yiuf_cottage
D:6:      lemuel_castle_with_subvaults [lemuel_castle_interior_carwin_2],
          layout_rooms, gammafunk_temple_overflow_pools, uniq_jeremiah
Temple:   dpeg_chambers_temple

Skill      XL: |  1  2  3  4  5  6  7 |
---------------+----------------------+-----
Dodging        | 3 4 5 6 7 |  7.0
Ranged Weapons | 5 6 7 |  7.4
Fighting       | 2 |  2.0
Invocations    | 3 |  3.2
Stealth        | |  1.5

Action                     |  1- 3 |  4- 6 |  7- 9 || total
---------------------------+-------+-------+-------++-------
   Fire: Shortbow          |    77 |   230 |   145 ||   452
 Invoke: Heroism           |       |       |     3 ||     3
    Use: Scroll            |     7 |     7 |     1 ||    15
         Potion            |       |     1 |       ||     1
 Armour: Robe              |     6 |    30 |    27 ||    63
  Dodge: Dodged            |    18 |    99 |   122 ||   239

Table legend:
 A = Non-vault XP
 B = Vault XP
 C = Vault XP percentage of total XP
 D = Non-vault monster count
 E = Vault monster count
 F = Vault count percentage of total count
                 A         B        C        D         E       F
            +---------+---------+-------+---------+---------+-------
      Total |     756 |     505 |  40.0 |      92 |      42 |  31.3
            +---------+---------+-------+---------+---------+-------
        D:1 |      21 |       5 |  19.2 |      13 |       3 |  18.8
        D:2 |      25 |       6 |  19.4 |      15 |       3 |  16.7
        D:3 |     132 |      18 |  12.0 |      21 |      10 |  32.3
        D:4 |      82 |      45 |  35.4 |      25 |      12 |  32.4
        D:5 |     225 |     372 |  62.3 |       5 |      12 |  70.6
        D:6 |     271 |      59 |  17.9 |      13 |       2 |  13.3
            +---------+---------+-------+---------+---------+-------
